 Dungeon Crawl Stone Soup version 0.32-a0-361-g289a535e89 (webtiles) character file.

Game seed: 17568690874933492637

12028 runemasterragnar the Carver (level 11, -7/89 HPs)
             Began as a Coglin Gladiator on Feb 18, 2024.
             Was a Believer of Wu Jian.
             Mangled by a wyvern (9 damage)
             ... on level 11 of the Dungeon.
             The game lasted 00:16:22 (9367 turns).

runemasterragnar the Carver (Coglin Gladiator)      Turns: 9367, Time: 00:16:23

Health: -7/89      AC: 12    Str: 19    XL:     11   Next: 86%
Magic:  11/11      EV: 12    Int:  7    God:    Wu Jian [**....]
Gold:   637        SH:  0    Dex: 16    Spells: 10/10 levels left

rFire   + . .        F - +4 scimitar (flame) {Necuametl}
rCold   + . .        a - +0 long sword (drain) {Armando}
rNeg    . . .        x - +0 acid dragon scales
rPois   .            c - +1 helmet
rElec   .            s - scarf {rC+ rF+}
rCorr   +            l - +0 pair of gloves
SInv    .            T - +0 pair of boots
Will    ++...        w - amulet of regeneration
Stlth   +            H - ring of willpower
HPRegen 1.14/turn    (no ring)
MPRegen 0.12/turn

%: no passive effects
@: stiff-legged, very slow
A: off-hand wielding, slow wielding, warmup strikes, warmup strides, iridescent
scales 1, strong-willed 1, MP-powered wands, persistent drain
a: Renounce Religion, Wall Jump


You were on level 11 of the Dungeon.
You worshipped Wu Jian.
Wu Jian was pleased with you.
You visited 2 branches of the dungeon, and saw 12 of its levels.

You collected 637 gold pieces.

Inventory:

Hand Weapons
 a - a +0 long sword of draining (worn) {Armando}
 i - a +0 dagger {Alejandra}
 o - a +4 short sword {Somchai}
 v - the +7 quarterstaff of Conflict {pain, ^Fragile rPois rC+ Int+4}
   (You found it on level 5 of the Dungeon)

   Int+4:     It affects your intelligence (+4).
   rC+:       It protects you from cold.
   rPois:     It protects you from poison ^Fragile: It will be destroyed if
   unequipped.
 y - a +0 long sword
 z - a +0 war axe
 F - a +4 scimitar of flaming (weapon) {Necuametl}
Missiles
 d - 4 throwing nets
 e - 4 javelins
 p - 36 poisoned darts
 t - 5 boomerangs (quivered)
 u - 3 silver javelins
Armour
 c - a +1 helmet (worn)
 l - a +0 pair of gloves (worn)
 s - a scarf of resistance (worn)
 x - +0 acid dragon scales (worn)
 T - a +0 pair of boots (worn)
Jewellery
 w - an amulet of regeneration (around neck)
 E - an amulet of guardian spirit
 H - a ring of willpower (left grasper)
 M - a ring of ice
 O - an amulet of faith
 Q - a ring of flight
Talismans
 P - a flux talisman
Wands
 B - a wand of paralysis (5)
 C - a wand of acid (5)
Scrolls
 b - 5 scrolls of noise
 k - a scroll of brand weapon
 q - 4 scrolls of teleportation
 A - 3 scrolls of enchant armour
 D - 2 scrolls of poison
 G - a scroll of silence
 I - 3 scrolls of fear {unknown}
 K - a scroll of blinking
 L - 6 scrolls of identify
 N - 2 scrolls of amnesia {unknown}
 R - a scroll of acquirement {unknown}
Potions
 f - a potion of haste {unknown}
 g - 4 potions of magic
 h - 2 potions of curing
 j - a potion of invisibility
 m - a potion of lignification
 n - 4 potions of degeneration
 r - 3 potions of heal wounds
 J - a potion of mutation


   Skills:
 + Level 9.6 Fighting
 * Level 13.5 Long Blades
 + Level 8.8 Throwing
 - Level 2.6 Dodging


You had 10 spell levels left.
You didn't know any spells.
Your spell library contained the following spells:

 Spells                   Type           Power      Damage    Failure   Level
 Freeze                   Ice            0%         1d3       52%         1
 Slow                     Hex            0%         N/A       52%         1
 Blink                    Tloc           0%         N/A       67%         2
 Lesser Beckoning         Tloc           0%         N/A       67%         2
 Momentum Strike          Conj/Tloc      0%         3d8       67%         2
 Confusing Touch          Hex            0%         N/A       88%         3
 Frozen Ramparts          Ice            0%         1d1       88%         3
 Hailstorm                Conj/Ice       0%         3d5       88%         3
 Inner Flame              Hex/Fire       0%         N/A       88%         3
 Sigil of Binding         Hex            0%         N/A       88%         3
 Vampiric Draining        Necr           0%         2d6       88%         3
 Flame Wave               Conj/Fire      0%         2d4       99%         4
 Ignite Poison            Fire/Alch      0%         N/A       99%         4
 Sticky Flame             Fire/Alch      0%         2d4       99%         4
 Summon Blazeheart Golem  Fire/Summ      0%         N/A       99%         4
 Orb of Destruction       Conj           0%         9d5       100%        7
 Spellforged Servitor     Conj/Summ      0%         N/A       100%        7
 Ignition                 Fire           0%         3d3       100%        8


Dungeon Overview and Level Annotations

Branches:
Dungeon (11/15)            Temple (1/1) D:6             Orc (0/2) D:9
   Lair: D:8-11

Altars:
Ashenzari
Cheibriados
Dithmenos
Elyvilon
Fedhas
Gozag
Hepliaklqana
Kikubaaqudgha
Makhleb
Nemelex Xobeh
Okawaru
Qazlal
Ru
Sif Muna
Trog
Uskayaw
Vehumet
Wu Jian
Xom
Yredelemnul
Zin
The Shining One
Beogh

Shops:
D:6 :

Annotations:
D:4 Pikel
D:7 1 runed translucent door, pigah's ghost, novice OnCA


Innate Abilities, Weirdness & Mutations

You can wield a second weapon in your off-hand.
It takes a long time for you to wield or remove held weapons.
Your first few attacks do less damage.
Your first movements take longer.
You are partially covered in iridescent scales. (AC +2)
You are strong-willed. (Will+)
You expend magic power (3 MP) to strengthen your wands.
Your health recovers twice as slowly from being drained.


Message History

* * * LOW HITPOINT WARNING * * *
You are more poisoned.
The water moccasin poisons you!
You feel very sick.
You feel better. The water moccasin misses you. The yak gores you.
* * * LOW HITPOINT WARNING * * *
Unknown command.
Okay, then.
You hit the yak but do no damage.
The yak is almost dead.
You catch the helpless yak completely off-guard!
You slash the yak with your +4 scimitar of flaming!
You burn the yak.
You kill the yak!
The Council accepts your kill.
The water moccasin bites you but does no damage.
The wyvern bites you.
* * * LOW HITPOINT WARNING * * *
You spin and attack the water moccasin.
You closely miss the water moccasin with your +0 long sword of draining.
You hit the water moccasin with your +4 scimitar of flaming.
You burn the water moccasin. The water moccasin misses you.
The water moccasin closely misses you. The wyvern bites you.
* * * LOW HITPOINT WARNING * * *
You flicker for a moment.
There is an open door here.
The water moccasin misses you.
Okay, then.
Unknown command.
Unknown command.
The water moccasin closely misses you.
There is an open door here.
You flicker back into view.
The wyvern bites you!
* * * LOW HITPOINT WARNING * * *
The wyvern attacks as it pursues you! The wyvern bites you!
* * * LOW HITPOINT WARNING * * *
You open the door. The wyvern barely misses you. The wyvern bites you!
You die...

##'#### #####.# #.# #####'### #.#
####### #.....>.. #.# #.....#
###........ ##.#########.....#
##.'........ ...........+.....#
#..#........
##.#########.....#####.##........
#.# #.....'..<..##........ #.#
#....@###############+ #.#
#...kk# #.# #....S# .. #.#
####S## ##.P #.# ##..# #P..P #.#
#..## ..P.? ##.# ##'########
...P.. #..# #...k.....##......
#.## #.[kS...[.#......P


You could see 2 water moccasins and 2 wyverns.

Vanquished Creatures
  Erica (D:8)
  2 two-headed ogres (D:11)
  An orc knight (D:10)
  A kobold demonologist (D:10)
  2 trolls
  A hornet (D:8)
  Prince Ribbit (D:9)
  A wraith (D:11)
  2 wyverns
  A vampire (D:11)
  21 yaks
  A basilisk (D:11)
  Eustachio (D:6)
  A steam dragon (D:9)
  Menkaure (D:4)
  2 acid dragons
  2 water moccasins
  2 black bears
  An ice beast (D:7)
  8 orc warriors
  A sky beast (D:6)
  A centaur (D:10)
  3 ogres
  A lemure (D:4)
  2 phantoms (D:4)
  Blork the orc (D:6)
  2 kobold brigands
  4 bullfrogs
  3 scorpions
  3 wights (D:6)
  6 killer bees (D:7)
  3 howler monkeys
  3 electric eels (D:9)
  2 hounds
  10 orc priests
  A gnoll bouda (D:6)
  6 iguanas
  10 orc wizards
  10 gnolls
  7 adders
  A shadow imp (D:5)
  A white imp (D:6)
  3 ribbon worms
  A dart slug (D:3)
  59 orcs
  5 endoplasms
  2 giant cockroaches
  10 hobgoblins
  5 jackals
  19 kobolds
  A quokka (D:5)
  7 ball pythons
  5 bats
  2 frilled lizards (D:1)
  4 goblins
  5 rats
262 creatures vanquished.

Vanquished Creatures (others)
  An arcanist (D:3)
1 creature vanquished.

Grand Total: 263 creatures vanquished

Notes
Turn   | Place    | Note
-------+----------+-------------------------------------------
     0 | D:1      | runemasterragnar the Coglin Gladiator began the quest for
                  | the Orb.
     0 | D:1      | Reached XP level 1. HP: 16/16 MP: 1/1
    61 | D:1      | Reached XP level 2. HP: 22/22 MP: 2/2
   303 | D:1      | Reached XP level 3. HP: 28/28 MP: 3/3
   829 | D:2      | Reached skill level 4 in Long Blades
   829 | D:2      | Reached XP level 4. HP: 34/34 MP: 4/4
  1623 | D:3      | Reached XP level 5. HP: 41/41 MP: 5/5
  1632 | D:3      | Gained mutation: Your spells are a little harder to cast,
                  | but a little more powerful. [potion of mutation]
  1632 | D:3      | Gained mutation: You are robust. (+10% HP) [potion of
                  | mutation]
  1632 | D:3      | Gained mutation: Your body sometimes deteriorates upon
                  | taking damage. [potion of mutation]
  1632 | D:3      | Gained mutation: You expend magic power (3 MP) to
                  | strengthen your wands. [potion of mutation]
  1633 | D:3      | Lost mutation: Your spells are a little harder to cast, but
                  | a little more powerful. [potion of mutation]
  1633 | D:3      | Lost mutation: Your body sometimes deteriorates upon taking
                  | damage. [potion of mutation]
  1633 | D:3      | Lost mutation: You are robust. (+10% HP) [potion of
                  | mutation]
  1633 | D:3      | Gained mutation: You have a pair of small antennae on your
                  | head. [potion of mutation]
  1633 | D:3      | Gained mutation: Your health recovers twice as slowly from
                  | being drained. [potion of mutation]
  1633 | D:3      | Gained mutation: You are agile. (Dex +4, Str/Int -1)
                  | [potion of mutation]
  1634 | D:3      | Lost mutation: You are agile. (Dex +4, Str/Int -1) [potion
                  | of mutation]
  1634 | D:3      | Lost mutation: You have a pair of small antennae on your
                  | head. [potion of mutation]
  1634 | D:3      | Gained mutation: You are strong-willed. (Will+) [potion of
                  | mutation]
  1634 | D:3      | Gained mutation: You are partially covered in iridescent
                  | scales. (AC +2) [potion of mutation]
  2061 | D:3      | Found a bloodstained altar of Trog.
  2062 | D:3      | Noticed a wizard
  2068 | D:3      | Killed a wizard
  2697 | D:4      | Noticed a phantom
  2713 | D:4      | Killed a phantom
  2714 | D:4      | Reached skill level 5 in Long Blades
  2714 | D:4      | Reached XP level 6. HP: 36/47 MP: 6/6
  3048 | D:4      | Noticed Menkaure
  3055 | D:4      | Killed Menkaure
  3056 | D:4      | Reached XP level 7. HP: 35/54 MP: 7/7
  3063 | D:4      | Reached skill level 6 in Long Blades
  3202 | D:4      | Noticed Pikel
  3350 | D:4      | Found a shadowy altar of Dithmenos.
  3649 | D:5      | Entered Level 5 of the Dungeon
  3780 | D:5      | Reached XP level 8. HP: 55/61 MP: 8/8
  3953 | D:5      | Reached skill level 7 in Long Blades
  3992 | D:5      | Reached skill level 5 in Fighting
  4037 | D:5      | Identified the +7 quarterstaff of Conflict {pain, ^Fragile
                  | rPois rC+ Int+4}
  4466 | D:6      | Reached skill level 8 in Long Blades
  4466 | D:6      | Reached skill level 5 in Throwing
  4557 | D:6      | Noticed Blork the orc
  4568 | D:6      | Killed Blork the orc
  4580 | D:6      | Found Zerghug's Book Emporium.
  4597 | D:6      | Noticed Eustachio
  4605 | D:6      | Found a staircase to the Ecumenical Temple.
  4606 | D:6      | Killed Eustachio
  4607 | D:6      | Reached XP level 9. HP: 68/69 MP: 9/9
  4615 | Temple   | Entered the Ecumenical Temple
  4814 | D:6      | Found a broken altar of Ashenzari.
  5373 | D:7      | Noticed a +0 dagger
  5373 | D:7      | Noticed a +4 hand axe
  5404 | D:7      | Found a hide-covered altar of Uskayaw.
  5477 | D:7      | Reached skill level 9 in Long Blades
  6255 | D:7      | Found a runed translucent door.
  6255 | D:7      | Noticed pigah's ghost (novice OnCA)
  6319 | D:8      | Noticed Erica
  6330 | D:8      | Killed Erica
  6331 | D:8      | Reached skill level 10 in Long Blades
  6331 | D:8      | Reached XP level 10. HP: 47/79 MP: 6/10
  6644 | D:8      | Reached skill level 11 in Long Blades
  6783 | D:8      | Found a snail-covered altar of Cheibriados.
  7146 | D:9      | Found an iron altar of Okawaru.
  7148 | D:9      | Noticed Prince Ribbit
  7156 | D:9      | Killed Prince Ribbit
  7247 | D:9      | Found an ancient bone altar of Kikubaaqudgha.
  7412 | D:9      | Found an ornate altar of the Wu Jian Council.
  7419 | D:9      | Became a worshipper of the Wu Jian Council
  7628 | D:9      | Reached skill level 12 in Long Blades
  7628 | D:9      | Reached XP level 11. HP: 18/87 MP: 4/11
  7734 | D:9      | Found a staircase to the Orcish Mines.
  8006 | D:10     | Entered Level 10 of the Dungeon
  8098 | D:10     | Noticed a soul eater
  8392 | D:10     | Reached * piety under Wu Jian
  8588 | D:10     | Noticed an orc knight
  8597 | D:10     | Killed an orc knight
  8694 | D:10     | Found a roughly hewn altar of Beogh.
  8966 | D:11     | Noticed a two-headed ogre
  8981 | D:11     | Killed a two-headed ogre
  8982 | D:11     | Reached skill level 13 in Long Blades
  9118 | D:11     | Noticed a two-headed ogre
  9124 | D:11     | Killed a two-headed ogre
  9333 | D:11     | Reached ** piety under Wu Jian
  9366 | D:11     | HP: 1/89 [wyvern (8)]
  9367 | D:11     | Mangled by a wyvern

Illustrated notes

Levels and vault maps discovered:
D:1:      dpeg_arrival_orchard, layout_basic
D:2:      layout_loops_ring, moated_statue
D:3:      layout_basic, trog_wizard
D:4:      layout_loops_cross, mainiacjoe_overflow_alcove_1, uniq_menkaure,
          uniq_pikel
D:5:      layout_loops_ring
D:6:      layout_basic, nicolae_overflow_crystal_walls,
          minmay_temple_entry_arrows, serial_shops, nicolae_shop_statue_plus,
          uniq_eustachio, uniq_blork_the_orc
D:7:      layout_loops_corners, dancing_weapons_uskayaw, gammafunk_ghost_grave
D:8:      layout_basic, cheibriados_altar_1, nicolae_straight_to_the_point,
          uniq_erica
D:9:      layout_cross, mainiacjoe_overflow_boulevard,
          okawaru_metal_pillars_1_2, erik_orc_2, serial_park, serial_park_gazebo
          [serial_park_minivault_5x5_5], serial_park_tiny_pond,
          serial_park_square2, serial_park_tiny_pond, serial_park_square1
          [serial_park_minivault_5x5_2], uniq_prince_ribbit1
D:10:     layout_small_grid, lightli_church_of_beogh
D:11:     layout_roguey, minmay_lair_entry_grove
Temple:   nicolae_temple_superstar

Skill      XL: |  1  2  3  4  5  6  7  8  9 10 11 |
---------------+----------------------------------+-----
Throwing       | 2 3 4 5 6 7 8 |  8.8
Long Blades    | 4 5 6 8 10 12 13 | 13.5
Fighting       | 3 4 5 7 8 9 |  9.6
Dodging        | |  2.6

Action                     |  1- 3 |  4- 6 |  7- 9 | 10-12 || total
---------------------------+-------+-------+-------+-------++-------
  Melee: Long sword        |    65 |   120 |   212 |   201 ||   598
         Dagger            |    45 |    80 |       |       ||   125
         Short sword       |       |    33 |   202 |       ||   235
         Scimitar          |       |       |       |   216 ||   216
  Throw: Boomerang         |       |     2 |    36 |    61 ||    99
         Javelin           |       |       |     4 |     1 ||     5
Ability: Lunge             |       |       |       |    15 ||    15
         Whirlwind         |       |       |       |     5 ||     5
  Evoke: Wand              |       |       |     1 |     8 ||     9
    Use: Potion            |       |     4 |       |     2 ||     6
         Scroll            |       |     5 |     9 |     1 ||    15
   Stab: Sleeping          |       |     1 |       |       ||     1
         Distracted        |       |       |     1 |       ||     1
         Paralysed         |       |       |       |     6 ||     6
         Invisible         |       |       |       |     2 ||     2
 Armour: Leather armour    |    37 |    71 |       |       ||   108
         Ring mail         |       |    18 |    21 |       ||    39
         Scale mail        |       |       |    28 |       ||    28
         Acid dragon scale |       |       |   102 |   189 ||   291
  Dodge: Dodged            |    44 |    80 |   113 |   150 ||   387

Table legend: (Time is in decaauts)
 A = Elapsed time spent in this place.
 B = Non-inter-level travel time spent in this place.
 C = Inter-level travel time spent in this place.
 D = Time resting spent in this place.
 E = Time spent auto-exploring this place.
 F = Levels seen in this place.
 G = Mean time per level.
                   A        B        C        D        E       F      G
               +--------+--------+--------+--------+--------+-----+--------+
         Total |   9725 |   9248 |    477 |    251 |   7123 |  12 |  810.4 |
       Dungeon |   9724 |   9247 |    477 |    251 |   7123 |  11 |  884.0 |
        Temple |      1 |      1 |      0 |      0 |      0 |   1 |    1.0 |
               +--------+--------+--------+--------+--------+-----+--------+

Top non-repeatable levels by time:
     D:3: 1067 daAuts
     D:4: 1029 daAuts
     D:6: 1017 daAuts
     D:9: 1005 daAuts
     D:2: 943 daAuts
     D:7: 940 daAuts
    D:10: 919 daAuts
     D:8: 808 daAuts
     D:5: 753 daAuts
     D:1: 746 daAuts
    D:11: 492 daAuts
  Temple: 1 daAuts
